 Dungeon Sprint DCSS version 0.17-a0-725-gfa8c127 (webtiles) character file.

143866 namelastname112 the Axe Maniac (level 16, -6/188 HPs)
             Began as a Deep Dwarf Fighter on Apr 20, 2015.
             Was the Champion of Makhleb.
             Mangled by a hornet (19 damage)
             ... while paralysed by a hornet
             ... in the Dungeon (Sprint V: "Ziggurat Sprint").
             The game lasted 00:20:22 (1120 turns).

namelastname112 the Axe Maniac (Deep Dwarf Fighter) Turns: 1120, Time: 00:20:22

Health: -6/188     AC: 46    Str: 35    XL:     16   Next: 83%
Magic:  0/19       EV:  2    Int: 14    God:    Makhleb [******]
Gold:   0          SH:  0    Dex:  5    Spells: 0 memorised, 19 levels left

rFire  . . .     SeeInvis +     B - +14 obsidian axe {chop, +Fly Str+3 SInv Curse} (curse)
rCold  . . .     Clarity  .     N - +9 crystal plate armour
rNeg   + + +     SustAb   .     C - +18 shield of the gong {rElec rN+ MR+ EV-5}
rPois  .         Gourm    .     (no helmet)
rElec  +         Spirit   .     O - +1 cloak {MR+}
rCorr  .         Warding  +     (no gloves)
rMut   .         NoTele   +     R - +0 pair of boots of Hadjma {rElec MR+++ Dex-5}
MR     +++++                    Y - brooch of Shielding {Ward rN+ AC+4 EV+4}
Stlth  ..........               c - ring of Veogg {rN++ AC+5 Int+4 Dex-2 Stlth+}
                                G - +6 ring of strength

@: paralysed, lethally poisoned (-6 -> -237), mesmerised, non-regenerating,
slowed, studying Dodging, almost entirely resistant to hostile enchantments,
extremely unstealthy
A: damage resistance, recharge devices, deformed body, deterioration 1, negative
energy resistance 1, sense surroundings 2, slow healing 3
a: Device Recharging, Minor Destruction, Lesser Servant of Makhleb, Major
Destruction, Greater Servant of Makhleb, Renounce Religion, Evoke Flight


You were in the Dungeon.
You worshipped Makhleb.
Makhleb was exalted by your worship.
You were hungry.

You visited 1 branch

Inventory:

Hand weapons
 B - the cursed +14 obsidian axe (weapon) {chop, +Fly Str+3 SInv Curse}
   (You found it in the Dungeon)

   It inflicts extra damage upon your enemies.
   It affects your strength (+3).
   It enhances your eyesight.
   It lets you fly.
   It may re-curse itself when equipped.
   It has a curse placed upon it.
Armour
 C - the +18 shield of the gong (worn) {rElec rN+ MR+ EV-5}
   (You found it in the Dungeon)

   It affects your evasion (-5).
   It insulates you from electricity.
   It protects you from negative energy.
   It affects your resistance to hostile enchantments.
 N - a +9 crystal plate armour (worn)
 O - a +1 cloak of magic resistance (worn)
 R - the +0 pair of boots of Hadjma (worn) {rElec MR+++ Dex-5}
   (You found it in the Dungeon)

   It affects your dexterity (-5).
   It insulates you from electricity.
   It affects your resistance to hostile enchantments.
Rods
 q - a +7 rod of destruction (14/14)
   (You took it off a white draconian in the Dungeon)
 T - a +7 iron rod (10/10)
   (You took it off a vault guard in the Dungeon)
Jewellery
 a - the ring of the Frog {MR+ Int+4}
   (You found it in the Dungeon)

   [ring of protection from magic]

   It affects your intelligence (+4).
   It affects your resistance to hostile enchantments.
 b - the ring "Qiocuhet" {rPois rN++ MR+ Str+4 Dex-4}
   (You took it off a deep elf annihilator in the Dungeon)

   [ring of protection from magic]

   It affects your strength (+4).
   It affects your dexterity (-4).
   It protects you from poison.
   It greatly protects you from negative energy.
   It affects your resistance to hostile enchantments.
 c - the ring of Veogg (right hand) {rN++ AC+5 Int+4 Dex-2 Stlth+}
   (You found it in the Dungeon)

   [ring of protection]

   It affects your AC (+5).
   It affects your intelligence (+4).
   It affects your dexterity (-2).
   It greatly protects you from negative energy.
   It makes you more stealthy.
 D - a +6 ring of dexterity
 E - an uncursed ring of positive energy
 G - a +6 ring of strength (left hand)
 H - a +6 ring of strength
 P - an uncursed ring of magical power
 U - the ring of Xoimnar {rN+ EV+3 Dex-4 SInv}
   (You found it in the Dungeon)

   [ring of evasion]

   It affects your evasion (+3).
   It affects your dexterity (-4).
   It protects you from negative energy.
   It enhances your eyesight.
 X - the ring "Dibus" {rPois rF+ MP+9 Slay-3}
   (You found it in the Dungeon)

   [ring of poison resistance]

   It affects your accuracy and damage with ranged weapons and melee attacks
   (-3).
   It protects you from fire.
   It protects you from poison.
   It affects your magic capacity (+9).
 Y - the brooch of Shielding (around neck) {Ward rN+ AC+4 EV+4}
   (You found it in the Dungeon)

   [amulet of warding]

   It may prevent the melee attacks of summoned creatures.
   It affects your AC (+4).
   It affects your evasion (+4).
   It protects you from negative energy.
Magical devices
 J - a wand of disintegration (7)
 K - a wand of fire (5)
 L - a wand of cold (5)
 M - a wand of draining (5)
Scrolls
 l - 4 scrolls of blinking
 s - 4 scrolls of amnesia
 t - 3 scrolls of recharging
 u - 8 scrolls of fog
 v - a scroll of holy word
 w - 5 scrolls of identify
 x - 5 scrolls of remove curse
 y - 2 scrolls of fear
 Z - 2 scrolls of brand weapon
Potions
 e - 4 potions of might
 g - 8 potions of curing
 h - 7 potions of heal wounds
 i - 6 potions of haste
 j - 7 potions of magic
 k - 3 potions of berserk rage
 m - 2 potions of brilliance
 n - 2 potions of invisibility
 o - 2 potions of restore abilities
 p - 4 potions of resistance
 r - 4 potions of agility
Books
 Q - a manual of Dodging
Miscellaneous
 F - a lamp of fire
 I - a disc of storms
 S - 5 phantom mirrors
 V - a sack of spiders
Comestibles
 d - 3 royal jellies
 f - 5 bread rations
 z - 41 fruits
 A - 4 meat rations


   Skills:
 + Level 23.3 Fighting
 O Level 27 Axes
 - Level 2.2 Throwing
 + Level 25.8 Armour
 - Level 2.5 Dodging
 - Level 7.0 Stealth
 O Level 27 Shields
 - Level 2.1 Spellcasting


You had 19 spell levels left.
You didn't know any spells.

Dungeon Overview and Level Annotations

Branches:
Dungeon (1/1)

Altars:
Ashenzari
Cheibriados
Dithmenos
Elyvilon
Fedhas
Gozag
Kikubaaqudgha
Makhleb
Nemelex Xobeh
Okawaru
Qazlal
Ru
Sif Muna
Trog
Vehumet
Xom
Yredelemnul
Zin
The Shining One
Beogh
Jiyva
Lugonu


Innate Abilities, Weirdness & Mutations

You are resistant to damage.
You can recharge devices by infusing magical energy.
You resist negative energy.
You passively map the area around you.
You do not heal naturally.
Armour fits poorly on your strangely shaped body.
Your body is slowly deteriorating.


Message History

Visions of slaying the emperor scorpion flood into your mind.
* * * LOW HITPOINT WARNING * * *
You feel extremely sick.
Your sixfirhy hits the wolf spider.
Your sixfirhy shocks the wolf spider!
The wolf spider dies!
Makhleb accepts your kill.
Your sixfirhy misses the wolf spider. The hornet stings you.
You are more poisoned.
You feel as though you will be slow longer.
The wasp stings you but does no damage.
The trapdoor spider rages.
The wasp stings you but does no damage.
Your sixfirhy hits the wolf spider.
Your sixfirhy shocks the wolf spider!
The hornet stings you.
* * * LOW HITPOINT WARNING * * *
You are more poisoned.
You feel as though you will be slow longer.
The wolf spider hits your sixfirhy!!
Your sixfirhy dies!
The hornet stings you!!
You die... , , |:} , , , }|:):}[))

})|))}[=?|),, , ,
,, , .............
*, , *
..........s.... ,,
.......ss....... ,
,.....yssss...... ,
.....yyyys......▓,
*.....s.yy@ss.....▓
,, ,
........y†s......▓
, ,
..........y......*
, ....▓.......▓....
..*▓▓.....▓▓ ...* ,
* ....▓.......▓....
, ,
................. ,
, .................
.................
,, ,


You could see 2 emperor scorpions, 2 ghost moths, 2 wolf spiders, 3 moths of
wrath, 2 hornets, 2 orb spiders, a trapdoor spider (berserk), 2 jumping spiders,
a tarantella (berserk), 2 wasps, a spider (berserk) and a scorpion (berserk).

Vanquished Creatures
  2 liches (D)
  2 deep elf blademasters (D)
  A deep elf master archer (D)
  A thorn hunter (D)
  8 greater nagas (D)
  A shadow dragon (D)
  3 deep elf sorcerers (D)
  2 draconian knights (D)
  2 orc warlords (D)
  A ghost moth (D)
  A draconian annihilator (D)
  A stone giant (D)
  3 draconian callers (D)
  4 green draconians (D)
  3 black draconians (D)
  3 deep elf annihilators (D)
  5 white draconians (D)
  A yellow draconian (D)
  5 purple draconians (D)
  A dire elephant (D)
  4 mottled draconians (D)
  4 red draconians (D)
  9 vault guards (D)
  8 merfolk javelineers (D)
  5 merfolk impalers (D)
  3 deep elf high priests (D)
  A yaktaur captain (D)
  5 naga warriors (D)
  3 spriggan air magi (D)
  A merfolk avatar (D)
  3 anacondas (D)
  A merfolk aquamancer (D)
  A satyr (D)
  3 spriggan berserkers (D)
  An orc high priest (D)
  2 deep elf knights (D)
  2 sun demons (D)
  2 sea snakes (D)
  An ice devil (D)
  2 unseen horrors (D)
  2 deep elf summoners (D)
  2 shambling mangroves (D)
  3 orc knights (D)
  A harpy (D)
  3 griffons (D)
  3 deep elf conjurers (D)
  An ugly thing (D)
  6 hornets (D)
  A faun (D)
  A necromancer (D)
  3 wolf spiders (D)
  4 draconians (D)
  2 manticores (D)
  2 orc sorcerers (D)
  8 black mambas (D)
  2 shining eyes (D)
  An elephant (D)
  2 rust devils (D)
  6 guardian serpents (D)
  A siren (D)
  2 smoke demons (D)
  4 naga magi (D)
  3 demonic crawlers (D)
  An orange demon (D)
  A fire drake (D)
  7 jumping spiders (D)
  4 hellwings (D)
  An efreet (D)
  A fire drake (shapeshifter) (D)
  4 blue devils (D)
  A deep elf priest (D)
  An ancient zyme (D)
  5 merfolk (D)
  A polar bear (D)
  A tormentor (D)
  5 ravens (D)
  5 slime creatures (D)
  2 small abominations (D)
  2 snapping turtles (D)
  2 air elementals (D)
  4 deep elf magi (D)
  2 trapdoor spiders (D)
  5 redbacks (D)
  A ynoxinul (D)
  5 tarantellas (D)
  2 hungry ghosts (D)
  A water elemental (D)
  A wraith (D)
  2 deep elf fighters (D)
  3 neqoxecs (D)
  A hog (shapeshifter) (D)
  3 chaos spawn (D)
  A hippogriff (D)
  5 nagas (D)
  6 insubstantial wisps (D)
  8 water moccasins (D)
  3 large abominations (D)
  A hell hound (D)
  An orc warrior (D)
  A black bear (shapeshifter) (D)
  2 necrophages (D)
  3 centaurs (D)
  6 wasps (D)
  A phantom (D)
  A scorpion (D)
  A crimson imp (D)
  2 iron imps (D)
  3 jellies (D)
  2 orc wizards (D)
  A quasit (D)
  An orc priest (D)
  A sheep (D)
  9 hell rats (D)
  4 adders (D)
  3 shadow imps (D)
  11 ufetubi (D)
  2 oozes (D)
  7 orcs (D)
  A bat skeleton (D)
  2 bat zombies (D)
  2 goblins (D)
  2 hobgoblins (D)
  3 ball pythons (D)
  2 ball python skeletons (D)
  A bat simulacrum (D)
  A giant cockroach zombie (D)
  A jackal skeleton (D)
  A jackal zombie (D)
  A quokka zombie (D)
  4 crawling corpses (D)
355 creatures vanquished.

Vanquished Creatures (collateral kills)
  3 greater nagas (D)
  A deep elf sorcerer (D)
  A ghost moth (D)
  A green draconian (D)
  A black draconian (D)
  2 white draconians (D)
  A red draconian (D)
  A vault guard (D)
  A deep elf high priest (D)
  A rakshasa (D)
  2 merfolk impalers (D)
  3 naga warriors (D)
  A merfolk avatar (D)
  An orc high priest (D)
  A wolf spider (D)
  An ugly thing (D)
  A draconian (shapeshifter) (D)
  A naga mage (D)
  A shining eye (D)
  2 guardian serpents (D)
  2 orange demons (D)
  A smoke demon (D)
  A black mamba (D)
  A demonic crawler (D)
  A merfolk (D)
  A wind drake (D)
  A tarantella (D)
  A neqoxec (D)
  4 nagas (D)
  A swamp drake (D)
  An eye of draining (shapeshifter) (D)
  A boring beetle (shapeshifter) (D)
  An orc priest (D)
  A hell rat (D)
  An adder (D)
  A white imp (D)
  An orc (D)
  A fungus (D)
49 creatures vanquished.

Vanquished Creatures (others)
  A mottled draconian (D)
  3 sun demons (D)
  A soul eater (D)
  2 ice devils (D)
  2 sixfirhies (D)
  A black mamba (D)
  A rust devil (D)
  A smoke demon (D)
  2 orange demons (D)
  A komodo dragon (D)
  2 blue devils (D)
  2 hellwings (D)
  4 ynoxinuls (D)
  A neqoxec (D)
  A chaos spawn (D)
  An adder (D)
  11 ufetubi (D)
37 creatures vanquished.

Grand Total: 441 creatures vanquished

Notes
Turn   | Place    | Note
--------------------------------------------------------------
     0 | D        | namelastname112, the Deep Dwarf Fighter, began the quest for the Orb.
     0 | D        | Reached XP level 1. HP: 20/20 MP: 1/1
     0 | D        | Found a corrupted altar of Lugonu.
     0 | D        | Found a basalt altar of Yredelemnul.
     0 | D        | Found an iron altar of Okawaru.
     0 | D        | Found a burning altar of Makhleb.
     0 | D        | Found a radiant altar of Vehumet.
     1 | D        | Found a viscous altar of Jiyva.
     1 | D        | Found a white marble altar of Elyvilon.
     3 | D        | Found a sparkling altar of Nemelex Xobeh.
     3 | D        | Found a deep blue altar of Sif Muna.
     7 | D        | Found a shimmering altar of Xom.
    15 | D        | Found a bloodstained altar of Trog.
    37 | D        | Reached skill level 4 in Armour
    37 | D        | Reached XP level 2. HP: 26/28 MP: 1/5
    89 | D        | Became a worshipper of Makhleb the Destroyer
    96 | D        | Entered arena 1.
    96 | D        | Noticed a naga
   100 | D        | Killed a naga
   100 | D        | Reached skill level 5 in Fighting
   100 | D        | Reached skill level 6 in Armour
   100 | D        | Reached XP level 3. HP: 31/39 MP: 6/6
   100 | D        | Reached XP level 4. HP: 36/46 MP: 7/7
   101 | D        | Acquired Makhleb's first power
   105 | D        | Entered arena 2.
   105 | D        | Noticed a crimson imp
   105 | D        | Noticed a hell hound
   108 | D        | Killed a crimson imp
   108 | D        | Reached skill level 7 in Armour
   108 | D        | Reached XP level 5. HP: 45/55 MP: 8/8
   109 | D        | Killed a hell hound
   109 | D        | Acquired Makhleb's second power
   109 | D        | Reached skill level 8 in Armour
   109 | D        | Reached XP level 6. HP: 57/63 MP: 9/9
   122 | D        | Entered arena 3.
   122 | D        | Noticed a draconian
   122 | D        | Noticed a draconian
   122 | D        | Noticed a draconian
   122 | D        | Noticed a draconian
   129 | D        | Killed a draconian
   129 | D        | Reached skill level 5 in Axes
   129 | D        | Reached skill level 9 in Armour
   129 | D        | Reached skill level 10 in Shields
   129 | D        | Reached XP level 7. HP: 66/74 MP: 10/10
   130 | D        | Killed a draconian
   130 | D        | Reached skill level 10 in Armour
   130 | D        | Reached skill level 1 in Stealth
   131 | D        | Killed a draconian
   131 | D        | Acquired Makhleb's third power
   131 | D        | Reached skill level 11 in Armour
   131 | D        | Reached XP level 8. HP: 83/85 MP: 11/11
   135 | D        | Killed a draconian
   148 | D        | Entered arena 4.
   148 | D        | Noticed an orc priest
   148 | D        | Noticed an orc wizard
   148 | D        | Noticed an orc priest
   148 | D        | Noticed an orc wizard
   152 | D        | Killed an orc priest
   153 | D        | Killed an orc wizard
   153 | D        | Acquired Makhleb's fourth power
   154 | D        | Killed an orc wizard
   155 | D        | Killed an orc priest
   163 | D        | Entered arena 5.
   165 | D        | Acquired Makhleb's fifth power
   177 | D        | Entered arena 6.
   177 | D        | Noticed a centaur
   177 | D        | Noticed a hippogriff
   177 | D        | Noticed a centaur
   177 | D        | Noticed a centaur
   177 | D        | Noticed a merfolk
   182 | D        | Killed a hippogriff
   182 | D        | Killed a centaur
   183 | D        | Reached skill level 10 in Fighting
   183 | D        | Gained mutation: You passively map the area around you. [Deep Dwarf growth]
   183 | D        | Reached XP level 9. HP: 93/93 MP: 12/12
   185 | D        | Killed a centaur
   185 | D        | Reached skill level 12 in Shields
   187 | D        | Killed a centaur
   189 | D        | Killed a merfolk
   203 | D        | Entered arena 7.
   203 | D        | Noticed a phantom
   203 | D        | Noticed a necrophage
   203 | D        | Noticed a necrophage
   208 | D        | Killed a necrophage
   209 | D        | Killed a necrophage
   210 | D        | Killed a phantom
   210 | D        | Reached skill level 10 in Axes
   216 | D        | Got the +0 pair of boots of Hadjma {rElec MR+++ Dex-5}
   229 | D        | Entered arena 8.
   229 | D        | Noticed a black bear
   229 | D        | Noticed a harpy
   229 | D        | Noticed a necromancer
   229 | D        | Noticed a vault guard
   229 | D        | Noticed a vault guard
   229 | D        | Noticed a vault guard
   234 | D        | Killed a harpy
   236 | D        | Killed a black bear
   242 | D        | Killed a necromancer
   242 | D        | Reached skill level 13 in Shields
   244 | D        | Killed a vault guard
   244 | D        | Reached XP level 10. HP: 73/104 MP: 13/13
   247 | D        | Killed a vault guard
   247 | D        | Reached skill level 14 in Shields
   248 | D        | Killed a vault guard
   248 | D        | Gained mutation: Armour fits poorly on your strangely shaped body. [a neqoxec]
   256 | D        | Got the ring of Xoimnar {rN+ EV+3 Dex-4 SInv}
   291 | D        | Entered arena 9.
   291 | D        | Noticed an air elemental
   291 | D        | Noticed an insubstantial wisp
   291 | D        | Noticed an air elemental
   291 | D        | Noticed an insubstantial wisp
   291 | D        | Noticed an insubstantial wisp
   291 | D        | Noticed an insubstantial wisp
   291 | D        | Noticed an insubstantial wisp
   291 | D        | Noticed an insubstantial wisp
   295 | D        | Killed an insubstantial wisp
   298 | D        | Killed an insubstantial wisp
   300 | D        | Killed an insubstantial wisp
   302 | D        | Killed an air elemental
   303 | D        | Killed an air elemental
   303 | D        | Killed an insubstantial wisp
   304 | D        | Killed an insubstantial wisp
   309 | D        | Killed an insubstantial wisp
   324 | D        | Entered arena 10.
   324 | D        | Noticed a cyan ugly thing
   324 | D        | Noticed a shining eye
   324 | D        | Noticed a blink frog
   324 | D        | Noticed a neqoxec
   324 | D        | Noticed a neqoxec
   324 | D        | Noticed a cyan ugly thing
   324 | D        | Noticed a fire drake
   324 | D        | Noticed a draconian
   324 | D        | Noticed a boring beetle
   330 | D        | Killed a fire drake
   330 | D        | Reached skill level 15 in Shields
   330 | D        | Killed a white ugly thing
   332 | D        | Killed a neqoxec
   333 | D        | Killed a draconian
   333 | D        | Killed a shining eye
   333 | D        | Reached XP level 11. HP: 114/114 MP: 14/14
   336 | D        | a blink frog changed into an eye of draining
   337 | D        | Killed a cyan ugly thing
   337 | D        | Killed a boring beetle
   340 | D        | Killed a neqoxec
   361 | D        | Entered arena 11.
   361 | D        | Noticed a vault guard
   361 | D        | Noticed a shadow dragon
   361 | D        | Noticed a vault guard
   361 | D        | Noticed a vault guard
   361 | D        | Noticed a vault guard
   361 | D        | Noticed a vault guard
   361 | D        | Noticed a vault guard
   361 | D        | Noticed a yaktaur captain
   362 | D        | Noticed a lich
   362 | D        | Noticed a vault guard
   368 | D        | Identified a +5 rod of inaccuracy (10/13)
   371 | D        | Killed a vault guard
   371 | D        | Reached skill level 15 in Axes
   371 | D        | Reached skill level 5 in Stealth
   372 | D        | Killed a vault guard
   372 | D        | Reached skill level 16 in Shields
   373 | D        | Killed a vault guard
   374 | D        | Killed a vault guard
   375 | D        | Noticed an Ice Fiend
   376 | D        | Killed a vault guard
   377 | D        | Killed a vault guard
   378 | D        | Killed a vault guard
   378 | D        | Reached skill level 17 in Axes
   381 | D        | Killed a lich
   381 | D        | Reached XP level 12. HP: 126/126 MP: 15/15
   383 | D        | Killed a yaktaur captain
   383 | D        | Reached skill level 18 in Axes
   387 | D        | Killed a shadow dragon
   393 | D        | Got the ring "Dibus" {rPois rF+ MP+9 Slay-3}
   398 | D        | Entered arena 12.
   398 | D        | Noticed a hornet
   398 | D        | Noticed a hornet
   398 | D        | Noticed a ghost moth
   398 | D        | Noticed a scorpion
   398 | D        | Noticed a jumping spider
   398 | D        | Noticed a demonic crawler
   398 | D        | Noticed a wasp
   399 | D        | Noticed a jumping spider
   399 | D        | Noticed a hornet
   399 | D        | Noticed a tarantella
   402 | D        | Killed a wasp
   402 | D        | Killed a jumping spider
   403 | D        | Killed a jumping spider
   404 | D        | Killed a hornet
   405 | D        | Killed a hornet
   407 | D        | Killed a hornet
   408 | D        | Killed a tarantella
   409 | D        | Killed a ghost moth
   409 | D        | Reached skill level 19 in Axes
   409 | D        | Killed a demonic crawler
   411 | D        | Killed a scorpion
   417 | D        | Noticed a trapdoor spider
   422 | D        | Killed a trapdoor spider
   445 | D        | Got the ring of the Frog {MR+ Int+4}
   452 | D        | Entered arena 13.
   452 | D        | Noticed a jelly
   452 | D        | Noticed a slime creature
   452 | D        | Noticed a shining eye
   452 | D        | Gained mutation: Your body is slowly deteriorating. [a shining eye]
   453 | D        | Noticed a jelly
   453 | D        | Noticed a jelly
   453 | D        | Noticed a shining eye
   453 | D        | Noticed a slime creature
   454 | D        | Noticed a slime creature
   454 | D        | Noticed a slime creature
   454 | D        | Noticed a slime creature
   457 | D        | Killed a jelly
   457 | D        | Killed a slime creature
   462 | D        | Killed a slime creature
   462 | D        | Killed a shining eye
   463 | D        | Killed a jelly
   465 | D        | Killed a slime creature
   465 | D        | Killed a slime creature
   466 | D        | Killed a slime creature
   466 | D        | Killed a jelly
   470 | D        | Killed a shining eye
   478 | D        | Entered arena 14.
   478 | D        | Noticed a spriggan berserker
   478 | D        | Noticed a spriggan air mage
   478 | D        | Noticed a satyr
   479 | D        | Noticed a thorn hunter
   479 | D        | Noticed a shambling mangrove
   479 | D        | Noticed an anaconda
   479 | D        | Noticed a spriggan air mage
   479 | D        | Noticed a shambling mangrove
   479 | D        | Noticed a spriggan berserker
   479 | D        | Noticed a hornet
   480 | D        | Noticed a dire elephant
   481 | D        | Noticed a spriggan berserker
   481 | D        | Noticed a spriggan air mage
   482 | D        | Killed a spriggan air mage
   487 | D        | Killed an anaconda
   492 | D        | Killed a spriggan berserker
   492 | D        | Reached skill level 15 in Fighting
   492 | D        | Reached skill level 20 in Axes
   492 | D        | Killed a thorn hunter
   492 | D        | Reached XP level 13. HP: 83/139 MP: 9/16
   493 | D        | Killed a hornet
   494 | D        | Killed a spriggan air mage
   496 | D        | Killed a spriggan berserker
   497 | D        | Killed a satyr
   498 | D        | Killed a dire elephant
   498 | D        | Killed a shambling mangrove
   499 | D        | Killed a shambling mangrove
   500 | D        | Killed a spriggan air mage
   500 | D        | Reached skill level 21 in Axes
   504 | D        | Killed a spriggan berserker
   522 | D        | Entered arena 15.
   522 | D        | Noticed a black mamba
   522 | D        | Noticed a naga
   522 | D        | Noticed a naga mage
   523 | D        | Noticed a naga mage
   523 | D        | Noticed a greater naga
   523 | D        | Noticed a naga
   523 | D        | Noticed a black mamba
   523 | D        | Noticed a water moccasin
   523 | D        | Noticed a black mamba
   523 | D        | Noticed a guardian serpent
   523 | D        | Noticed a naga warrior
   524 | D        | Noticed a greater naga
   526 | D        | Killed a black mamba
   527 | D        | Killed a black mamba
   528 | D        | Killed a guardian serpent
   528 | D        | Killed a water moccasin
   533 | D        | Killed a greater naga
   533 | D        | Reached skill level 15 in Armour
   535 | D        | Killed a black mamba
   536 | D        | Killed a naga mage
   538 | D        | Killed a naga
   539 | D        | Killed a naga warrior
   539 | D        | Killed a naga mage
   540 | D        | Killed a naga
   543 | D        | Killed a greater naga
   549 | D        | Got the ring of Veogg {rN++ AC+5 Int+4 Dex-2 Stlth+}
   559 | D        | Entered arena 16.
   561 | D        | Noticed a merfolk impaler
   561 | D        | Noticed a snapping turtle
   561 | D        | Noticed a merfolk avatar
   561 | D        | Noticed a merfolk javelineer
   561 | D        | Noticed a siren
   561 | D        | Noticed a merfolk
   562 | D        | Noticed a water elemental
   562 | D        | Noticed a faun
   562 | D        | Noticed a griffon
   562 | D        | Noticed a manticore
   562 | D        | Noticed a merfolk javelineer
   562 | D        | Noticed a merfolk impaler
   562 | D        | Noticed a sea snake
   563 | D        | Noticed a griffon
   563 | D        | Noticed a merfolk aquamancer
   568 | D        | Killed a merfolk impaler
   569 | D        | Killed a sea snake
   569 | D        | Killed a siren
   570 | D        | Killed a manticore
   571 | D        | Killed a snapping turtle
   571 | D        | Killed a merfolk aquamancer
   573 | D        | Killed a griffon
   573 | D        | Killed a water elemental
   574 | D        | Killed a faun
   574 | D        | Reached skill level 22 in Axes
   576 | D        | Killed a griffon
   577 | D        | Killed a merfolk javelineer
   582 | D        | Killed a merfolk impaler
   586 | D        | Killed a merfolk
   596 | D        | Killed a merfolk javelineer
   605 | D        | Killed a merfolk avatar
   611 | D        | Entered arena 17.
   613 | D        | Noticed a lich
   613 | D        | Noticed an efreet
   613 | D        | Noticed an orange demon
   614 | D        | Noticed a large abomination
   614 | D        | Noticed a rakshasa
   614 | D        | Noticed a small abomination
   614 | D        | Noticed a quasit
   614 | D        | Noticed a chaos spawn
   614 | D        | Noticed a wraith
   615 | D        | Noticed an ancient zyme
   615 | D        | Noticed a hungry ghost
   616 | D        | Noticed an unseen horror
   616 | D        | Noticed a tormentor
   617 | D        | Noticed an unseen horror
   620 | D        | Killed a large abomination
   620 | D        | Killed a quasit
   621 | D        | Killed an unseen horror
   621 | D        | Killed a small abomination
   621 | D        | Gained mutation: You resist negative energy. [Deep Dwarf growth]
   621 | D        | Reached XP level 14. HP: 140/153 MP: 17/17
   622 | D        | Killed an unseen horror
   623 | D        | Killed a chaos spawn
   624 | D        | Killed a lich
   624 | D        | Killed an ancient zyme
   628 | D        | Killed a hungry ghost
   628 | D        | Killed a hungry ghost
   628 | D        | Killed a wraith
   628 | D        | Killed an efreet
   636 | D        | Killed a tormentor
   638 | D        | Killed a rakshasa
   639 | D        | Killed an orange demon
   707 | D        | Entered arena 18.
   709 | D        | Noticed a snapping turtle
   709 | D        | Noticed a merfolk avatar
   709 | D        | Noticed a merfolk
   709 | D        | Noticed a merfolk javelineer
   709 | D        | Noticed a merfolk impaler
   710 | D        | Noticed a griffon
   710 | D        | Noticed a merfolk impaler
   710 | D        | Noticed a merfolk javelineer
   710 | D        | Noticed a merfolk impaler
   710 | D        | Noticed a merfolk javelineer
   710 | D        | Noticed a manticore
   710 | D        | Noticed a merfolk
   710 | D        | Noticed a merfolk javelineer
   710 | D        | Noticed a merfolk impaler
   710 | D        | Noticed a merfolk impaler
   710 | D        | Noticed a merfolk javelineer
   710 | D        | Noticed a merfolk javelineer
   711 | D        | Noticed a sea snake
   711 | D        | Noticed a merfolk
   711 | D        | Noticed a merfolk
   716 | D        | Killed a snapping turtle
   716 | D        | Killed a sea snake
   716 | D        | Killed a manticore
   718 | D        | Killed a griffon
   722 | D        | Killed a merfolk javelineer
   724 | D        | Killed a merfolk impaler
   724 | D        | Killed a merfolk
   727 | D        | Killed a merfolk javelineer
   728 | D        | Killed a merfolk javelineer
   729 | D        | Killed a merfolk javelineer
   731 | D        | Killed a merfolk javelineer
   731 | D        | Reached skill level 23 in Axes
   732 | D        | Killed a merfolk javelineer
   738 | D        | Killed a merfolk impaler
   748 | D        | Killed a merfolk
   750 | D        | Killed a merfolk impaler
   755 | D        | Killed a merfolk
   766 | D        | Killed a merfolk impaler
   769 | D        | Killed a merfolk impaler
   774 | D        | Killed a merfolk
   778 | D        | Killed a merfolk avatar
   782 | D        | Entered arena 19.
   786 | D        | Noticed an orc sorcerer
   786 | D        | Noticed a stone giant
   786 | D        | Noticed an orc knight
   787 | D        | Noticed an orc warlord
   787 | D        | Noticed an orc knight
   787 | D        | Noticed an orc sorcerer
   788 | D        | Noticed an orc knight
   788 | D        | Noticed an orc warrior
   788 | D        | Noticed an orc warlord
   788 | D        | Noticed an orc high priest
   790 | D        | Killed an orc sorcerer
   793 | D        | Killed an orc sorcerer
   797 | D        | Killed an orc knight
   798 | D        | Killed an orc warrior
   800 | D        | Killed an orc warlord
   802 | D        | Killed an orc knight
   804 | D        | Killed a stone giant
   804 | D        | Killed an orc knight
   808 | D        | Killed an orc warlord
   809 | D        | Killed an orc high priest
   818 | D        | Entered arena 20.
   821 | D        | Noticed a guardian serpent
   821 | D        | Noticed a water moccasin
   821 | D        | Noticed a naga warrior
   822 | D        | Noticed a guardian serpent
   822 | D        | Noticed a water moccasin
   822 | D        | Noticed a greater naga
   822 | D        | Noticed a naga warrior
   822 | D        | Noticed a naga mage
   822 | D        | Noticed a black mamba
   822 | D        | Noticed a black mamba
   822 | D        | Noticed a naga
   822 | D        | Noticed a guardian serpent
   822 | D        | Noticed a greater naga
   822 | D        | Noticed a greater naga
   823 | D        | Noticed a naga warrior
   823 | D        | Noticed a naga
   823 | D        | Noticed a water moccasin
   823 | D        | Noticed a naga
   823 | D        | Noticed a greater naga
   823 | D        | Killed a water moccasin
   824 | D        | Noticed an anaconda
   824 | D        | Killed a naga
   824 | D        | Killed a naga
   825 | D        | Noticed an anaconda
   825 | D        | Noticed a black mamba
   827 | D        | Noticed a water moccasin
   828 | D        | Killed a black mamba
   829 | D        | Killed a greater naga
   830 | D        | Killed a water moccasin
   831 | D        | Killed a greater naga
   832 | D        | Killed a naga warrior
   832 | D        | Killed a black mamba
   833 | D        | Killed an anaconda
   833 | D        | Reached skill level 24 in Axes
   833 | D        | Killed a guardian serpent
   834 | D        | Killed a greater naga
   834 | D        | Reached XP level 15. HP: 166/166 MP: 18/18
   835 | D        | Killed a naga mage
   835 | D        | Killed a black mamba
   835 | D        | Killed a water moccasin
   836 | D        | Killed a guardian serpent
   837 | D        | Killed an anaconda
   838 | D        | Killed a naga warrior
   838 | D        | Killed a guardian serpent
   838 | D        | Killed a water moccasin
   839 | D        | Killed a greater naga
   842 | D        | Killed a naga warrior
   843 | D        | Killed a naga
   853 | D        | Entered arena 21.
   856 | D        | Noticed a water moccasin
   856 | D        | Noticed a greater naga
   857 | D        | Noticed a water moccasin
   857 | D        | Noticed a water moccasin
   857 | D        | Noticed a black mamba
   857 | D        | Noticed a guardian serpent
   857 | D        | Noticed a naga
   857 | D        | Noticed a naga
   857 | D        | Noticed a greater naga
   858 | D        | Noticed a naga warrior
   858 | D        | Noticed a naga mage
   858 | D        | Noticed a greater naga
   858 | D        | Noticed a black mamba
   858 | D        | Noticed a naga warrior
   858 | D        | Noticed a naga
   858 | D        | Noticed a greater naga
   858 | D        | Noticed a naga mage
   858 | D        | Noticed a guardian serpent
   858 | D        | Noticed a guardian serpent
   859 | D        | Noticed a black mamba
   859 | D        | Noticed a black mamba
   859 | D        | Noticed a naga warrior
   859 | D        | Noticed a guardian serpent
   859 | D        | Noticed a greater naga
   859 | D        | Noticed a naga warrior
   862 | D        | Killed a guardian serpent
   863 | D        | Killed a guardian serpent
   863 | D        | Killed a black mamba
   863 | D        | Killed a black mamba
   864 | D        | Killed a water moccasin
   864 | D        | Killed a water moccasin
   864 | D        | Killed a black mamba
   865 | D        | Killed a naga warrior
   865 | D        | Killed a water moccasin
   867 | D        | Killed a naga
   867 | D        | Killed a black mamba
   868 | D        | Killed a naga warrior
   868 | D        | Killed a guardian serpent
   869 | D        | Killed a naga mage
   870 | D        | Killed a guardian serpent
   871 | D        | Killed a greater naga
   871 | D        | Killed a naga mage
   874 | D        | Killed a greater naga
   874 | D        | Killed a greater naga
   877 | D        | Killed a greater naga
   877 | D        | Killed a naga
   877 | D        | Killed a naga
   878 | D        | Killed a naga warrior
   880 | D        | Killed a naga warrior
   882 | D        | Killed a greater naga
   882 | D        | Reached skill level 25 in Axes
   898 | D        | Entered arena 22.
   904 | D        | Noticed a deep elf knight
   904 | D        | Noticed a deep elf master archer
   905 | D        | Noticed a deep elf mage
   905 | D        | Noticed a deep elf summoner
   905 | D        | Noticed a deep elf high priest
   905 | D        | Noticed a deep elf annihilator
   905 | D        | Noticed a deep elf high priest
   905 | D        | Noticed a deep elf annihilator
   905 | D        | Noticed a deep elf blademaster
   905 | D        | Noticed a deep elf fighter
   905 | D        | Noticed a deep elf sorcerer
   905 | D        | Noticed a deep elf mage
   905 | D        | Noticed a deep elf fighter
   906 | D        | Noticed a deep elf conjurer
   906 | D        | Noticed a deep elf conjurer
   906 | D        | Noticed a deep elf knight
   906 | D        | Noticed a deep elf blademaster
   906 | D        | Noticed a deep elf annihilator
   906 | D        | Noticed a deep elf sorcerer
   906 | D        | Noticed a deep elf sorcerer
   906 | D        | Noticed a deep elf high priest
   906 | D        | Noticed a deep elf priest
   906 | D        | Noticed a deep elf mage
   906 | D        | Noticed an orc high priest
   907 | D        | Noticed a deep elf conjurer
   907 | D        | Noticed a deep elf sorcerer
   907 | D        | Noticed a hog
   907 | D        | Noticed a deep elf high priest
   907 | D        | Noticed a deep elf summoner
   907 | D        | Noticed a deep elf mage
   913 | D        | Killed a deep elf annihilator
   915 | D        | Killed a deep elf blademaster
   916 | D        | Killed an orc high priest
   917 | D        | Killed a deep elf blademaster
   918 | D        | Killed a deep elf master archer
   918 | D        | Killed a deep elf sorcerer
   920 | D        | Killed a deep elf mage
   920 | D        | Killed a deep elf conjurer
   921 | D        | Killed a deep elf sorcerer
   924 | D        | Killed a deep elf fighter
   925 | D        | Killed a deep elf conjurer
   927 | D        | Killed a deep elf sorcerer
   927 | D        | Killed a deep elf high priest
   929 | D        | Killed a hog
   931 | D        | Killed a deep elf mage
   931 | D        | Killed a deep elf high priest
   932 | D        | Killed a deep elf knight
   932 | D        | Killed a deep elf knight
   932 | D        | Killed a deep elf fighter
   933 | D        | Killed a deep elf mage
   936 | D        | Killed a deep elf priest
   939 | D        | Killed a deep elf conjurer
   942 | D        | Killed a deep elf high priest
   942 | D        | Reached skill level 26 in Axes
   946 | D        | Killed a deep elf summoner
   948 | D        | Killed a deep elf high priest
   948 | D        | Killed a deep elf mage
   949 | D        | Killed a deep elf annihilator
   956 | D        | Killed a deep elf annihilator
   956 | D        | Reached XP level 16. HP: 139/182 MP: 19/19
   959 | D        | Killed a deep elf summoner
   959 | D        | Killed a deep elf sorcerer
   961 | D        | Got the ring "Qiocuhet" {rPois rN++ MR+ Str+4 Dex-4}
   976 | D        | Entered arena 23.
   982 | D        | Noticed a white draconian
   982 | D        | Noticed a mottled draconian
   982 | D        | Noticed a purple draconian
   983 | D        | Noticed a yellow draconian knight
   983 | D        | Noticed a red draconian
   983 | D        | Noticed a black draconian
   983 | D        | Noticed a white draconian
   983 | D        | Noticed a red draconian
   983 | D        | Noticed a white draconian
   983 | D        | Noticed a purple draconian
   983 | D        | Noticed a red draconian annihilator
   983 | D        | Noticed a black draconian
   983 | D        | Noticed a purple draconian
   983 | D        | Noticed a yellow draconian
   983 | D        | Noticed a red draconian
   983 | D        | Noticed a purple draconian
   983 | D        | Noticed a white draconian
   983 | D        | Noticed a mottled draconian
   984 | D        | Noticed a mottled draconian
   984 | D        | Noticed a red draconian
   984 | D        | Noticed a white draconian
   984 | D        | Noticed a mottled draconian
   984 | D        | Noticed a green draconian
   984 | D        | Noticed a green draconian
   984 | D        | Noticed a red draconian caller
   984 | D        | Noticed a red draconian caller
   984 | D        | Noticed a red draconian
   984 | D        | Noticed a white draconian
   984 | D        | Noticed a green draconian knight
   985 | D        | Noticed a green draconian
   985 | D        | Noticed a green draconian
   985 | D        | Noticed a white draconian
   985 | D        | Noticed a white draconian
   985 | D        | Noticed a black draconian
   985 | D        | Noticed a purple draconian
   985 | D        | Noticed a black draconian
   985 | D        | Noticed a green draconian
   985 | D        | Noticed a mottled draconian caller
   986 | D        | Noticed a mottled draconian
   993 | D        | Killed a yellow draconian
   995 | D        | Killed a black draconian
   996 | D        | Killed a purple draconian
   996 | D        | Killed a white draconian
   997 | D        | Killed a purple draconian
   998 | D        | Killed a red draconian caller
   999 | D        | Killed a red draconian annihilator
  1003 | D        | Killed a red draconian
  1003 | D        | Killed a yellow draconian knight
  1005 | D        | Killed a black draconian
  1007 | D        | Killed a purple draconian
  1009 | D        | Killed a black draconian
  1013 | D        | Killed a white draconian
  1013 | D        | Killed a green draconian
  1015 | D        | Killed a red draconian caller
  1018 | D        | Killed a white draconian
  1019 | D        | Killed a mottled draconian caller
  1019 | D        | Reached skill level 27 in Axes
  1019 | D        | Killed a mottled draconian
  1020 | D        | Killed a red draconian
  1022 | D        | Killed a green draconian knight
  1023 | D        | Killed a green draconian
  1025 | D        | Killed a purple draconian
  1025 | D        | Killed a green draconian
  1026 | D        | Killed a black draconian
  1026 | D        | Killed a green draconian
  1027 | D        | Killed a purple draconian
  1029 | D        | Killed a red draconian
  1030 | D        | Killed a red draconian
  1032 | D        | Killed a mottled draconian
  1034 | D        | Killed a white draconian
  1040 | D        | Killed a mottled draconian
  1042 | D        | Killed a white draconian
  1046 | D        | Killed a red draconian
  1047 | D        | Killed a mottled draconian
  1047 | D        | Killed a green draconian
  1047 | D        | Killed a mottled draconian
  1054 | D        | Killed a white draconian
  1055 | D        | Killed a white draconian
  1092 | D        | Entered arena 24.
  1098 | D        | Noticed a demonic crawler
  1098 | D        | Noticed a redback
  1098 | D        | Noticed a jumping spider
  1099 | D        | Noticed a tarantella
  1099 | D        | Noticed a wolf spider
  1099 | D        | Noticed a wolf spider
  1099 | D        | Noticed a wolf spider
  1099 | D        | Noticed an emperor scorpion
  1099 | D        | Noticed a hornet
  1099 | D        | Noticed a wolf spider
  1099 | D        | Noticed a jumping spider
  1099 | D        | Noticed an emperor scorpion
  1099 | D        | Noticed a moth of wrath
  1099 | D        | Noticed a wasp
  1100 | D        | Noticed a tarantella
  1100 | D        | Noticed a wasp
  1100 | D        | Noticed a wasp
  1100 | D        | Noticed a wasp
  1100 | D        | Noticed a ghost moth
  1100 | D        | Noticed an orb spider
  1100 | D        | Noticed a jumping spider
  1100 | D        | Noticed a jumping spider
  1100 | D        | Noticed a tarantella
  1100 | D        | Noticed a tarantella
  1100 | D        | Noticed a wolf spider
  1100 | D        | Noticed a tarantella
  1100 | D        | Noticed a wasp
  1100 | D        | Noticed an orb spider
  1101 | D        | Noticed a ghost moth
  1101 | D        | Noticed a ghost moth
  1101 | D        | Noticed a hornet
  1101 | D        | Noticed a wasp
  1102 | D        | Noticed a wasp
  1102 | D        | Noticed a wolf spider
  1102 | D        | Killed a jumping spider
  1102 | D        | Noticed a trapdoor spider
  1103 | D        | Noticed a scorpion
  1103 | D        | Noticed a spider
  1104 | D        | Noticed a hornet
  1104 | D        | Noticed a hornet
  1104 | D        | Killed a redback
  1105 | D        | Killed a wasp
  1105 | D        | Killed a jumping spider
  1106 | D        | Noticed a jumping spider
  1106 | D        | Noticed a trapdoor spider
  1106 | D        | Killed a tarantella
  1106 | D        | Killed a tarantella
  1107 | D        | Noticed a tarantella
  1107 | D        | Noticed a wasp
  1107 | D        | Noticed a moth of wrath
  1107 | D        | Killed a demonic crawler
  1107 | D        | Killed a wolf spider
  1108 | D        | Killed a wolf spider
  1108 | D        | Reached skill level 27 in Shields
  1108 | D        | Killed a tarantella
  1109 | D        | Noticed a moth of wrath
  1109 | D        | Killed a jumping spider
  1110 | D        | Killed a wolf spider
  1111 | D        | Killed a hornet
  1111 | D        | Killed a ghost moth
  1112 | D        | Killed a wasp
  1113 | D        | Killed a wasp
  1113 | D        | Killed a wasp
  1115 | D        | Killed a tarantella
  1115 | D        | Killed a wasp
  1116 | D        | Killed a trapdoor spider
  1118 | D        | Killed a hornet
  1118 | D        | Killed a tarantella
  1118 | D        | Paralysed by a hornet for 3 turns
  1120 | D        | Killed a wolf spider
  1120 | D        | Mangled by a hornet

Action                   |  1- 3 |  4- 6 |  7- 9 | 10-12 | 13-15 | 16-18 || total
-------------------------+-------+-------+-------+-------+-------+-------++-------
Melee: Broad axe         |     3 |    10 |    42 |   101 |   253 |    87 ||   496
  Use: Potion            |     1 |       |       |     3 |     1 |     4 ||     9
       Scroll            |       |       |     4 |       |       |       ||     4
 Stab: Paralysed         |       |       |     2 |       |       |       ||     2
       Distracted        |       |       |       |     2 |     2 |     1 ||     5
       Confused          |       |       |       |       |       |     1 ||     1
  Eat: Fruit             |       |       |       |       |     1 |       ||     1
